 Dungeon Crawl Stone Soup version 0.18.1-5-g4a78601 (webtiles) character file.

1992 PossumBlood the Archer (level 9, -1/61 HPs)
             Began as a High Elf Hunter on May 10, 2016.
             Was a Follower of Okawaru.
             Slain by an orc warrior
             ... wielding a +0 dire flail
              (21 damage)
             ... on level 7 of the Dungeon.
             The game lasted 00:16:04 (5885 turns).

PossumBlood the Archer (High Elf Hunter)            Turns: 5885, Time: 00:16:05

Health: -1/61      AC:  6    Str: 11    XL:     9   Next: 1%
Magic:  10/10      EV: 12    Int: 15    God:    Okawaru [*.....]
Gold:   372        SH:  0    Dex: 20    Spells: 0 memorised, 8 levels left

rFire  . . .     SeeInvis .     a - +1 shortbow
rCold  . . .     Gourm    .     c - +1 leather armour
rNeg   . . .     Faith    .     (shield currently unavailable)
rPois  +         Spirit   .     (no helmet)
rElec  .         Dismiss  .     h - +0 cloak
rCorr  .         Reflect  .     (no gloves)
SustAt .         Harm     +     i - +0 pair of boots
MR     .....                    t - amulet of harm
Stlth  +.........               F - ring of loudness (curse)
                                u - ring of poison resistance

@: not resistant to hostile enchantments, very unstealthy
A: no striking features
a: Heroism, Renounce Religion


You were on level 7 of the Dungeon.
You worshipped Okawaru.
Okawaru was aware of your devotion.
You were not hungry.

You visited 2 branches of the dungeon, and saw 8 of its levels.

You collected 372 gold pieces.

Inventory:

Hand Weapons
 a - a +1 shortbow (weapon)
 b - a +0 short sword
 x - a cursed -1 falchion
 y - a +0 shortbow
Missiles
 d - 53 arrows (quivered)
Armour
 c - a +1 leather armour (worn)
 h - a +0 cloak (worn)
 i - a +0 pair of boots (worn)
Jewellery
 t - an amulet of harm (around neck)
 u - a ring of poison resistance (left hand)
 D - an uncursed amulet of dismissal
 F - a cursed ring of loudness (right hand)
Wands
 w - a wand of acid (15/15)
Scrolls
 e - 2 scrolls of teleportation
 f - 2 scrolls of recharging
 q - a scroll of blinking
 v - 3 scrolls of fear
Potions
 g - 4 potions of curing
 j - 2 potions of brilliance
 k - 3 potions of flight
 m - 2 potions of mutation
 n - 4 potions of might
 o - a potion of heal wounds
 p - a potion of cancellation
 r - a potion of magic
Comestibles
 l - 5 meat rations
 z - 2 beef jerkies
 A - a slice of pizza
 C - a bread ration


   Skills:
 * Level 5.1 Fighting
 - Level 14.2 Bows
 - Level 2.1 Dodging
 - Level 1.1 Stealth


You had 8 spell levels left.
You didn't know any spells.

Dungeon Overview and Level Annotations

Branches:
Dungeon (7/15)             Temple (1/1) D:5

Altars:
Ashenzari
Cheibriados
Dithmenos
Gozag
Kikubaaqudgha
Makhleb
Okawaru
Pakellas
Qazlal
Ru
Sif Muna
Trog
Vehumet
Xom
Yredelemnul
Zin
The Shining One

Shops:
D:4 =


Message History

The orc warrior is heavily wounded.
The orc wizard gestures at you while chanting.
The puff of flame hits you!
Firing (i - inventory):
d - 55 arrows (quivered)
Press: ? - help, Shift-Dir - straight line, f/p - orc warrior
Aim: an orc warrior, wielding a dire flail and wearing a plate armour (black smoke, heavily wounded)
You shoot an arrow.
The arrow hits the orc warrior but does no damage.
The orc warrior is heavily wounded.
The orc warrior hits you with a dire flail!!
Ouch! That really hurt!
The orc wizard completely misses you.
Firing (i - inventory):
d - 54 arrows (quivered)
Press: ? - help, Shift-Dir - straight line, f/p - orc warrior
Aim: an orc warrior, wielding a dire flail and wearing a plate armour (black smoke, heavily wounded)
You shoot an arrow.
The arrow hits the orc warrior but does no damage.
The orc warrior is heavily wounded.
The orc warrior hits you with a dire flail!
You die...

(...... ### .....%. .. #
..(_...+.. .# ...(.....
#.## #. .((....##...#
#.#.# .(o.#§§...# #.#.###
## #oo§§..... #.#.... #..
##@§§# ##.#.### #..
#§§§§# #....### .
...#.§###.# #.......
...##.#.§....# #.......
#.......#############.###
###...................#
......#################
###... ##.


You could see an orc warrior, an orc wizard and an orc.

Vanquished Creatures
  The ghost of PossumBlood the Archer, a novice HEHu (D:3)
  Edmund (D:4)
  A water moccasin (D:6)
  2 sky beasts
  An ice beast (D:6)
  A phantom (D:6)
  3 ogres
  2 centaurs (D:5)
  2 giant frogs (D:6)
  A scorpion (D:5)
  A hound (D:4)
  An orc priest (D:3)
  Terence (D:3)
  A human zombie (D:4)
  3 orc wizards
  A giant frog skeleton (D:5)
  Ijyb (D:2)
  A worker ant (D:4)
  A statue (D:5)
  A hound skeleton (D:7)
  10 adders
  4 gnolls (D:7)
  A shadow imp (D:6)
  2 oozes
  An adder zombie (D:5)
  4 worms
  4 giant geckos
  14 orcs
  9 bats
  8 giant cockroaches
  7 goblins
  4 hobgoblins (D:3)
  5 kobolds
  5 quokkas
  A giant cockroach zombie (D:5)
  A giant gecko zombie (D:6)
  7 giant newts
  A kobold zombie (D:4)
  12 rats
127 creatures vanquished.

Vanquished Creatures (others)
  An orc priest (D:4)
  3 orcs (D:4)
  A quokka (D:4)
5 creatures vanquished.

Grand Total: 132 creatures vanquished

Notes
Turn   | Place    | Note
--------------------------------------------------------------
     0 | D:1      | PossumBlood the High Elf Hunter began the quest for the Orb.
     0 | D:1      | Reached XP level 1. HP: 14/14 MP: 2/2
   221 | D:1      | Reached XP level 2. HP: 16/19 MP: 3/3
   331 | D:1      | Reached skill level 6 in Bows
   859 | D:2      | Noticed Ijyb
   870 | D:2      | Killed Ijyb
   870 | D:2      | Reached XP level 3. HP: 13/24 MP: 4/4
   891 | D:2      | Reached skill level 7 in Bows
  1289 | D:2      | Reached XP level 4. HP: 29/29 MP: 5/5
  1379 | D:2      | Found a burning altar of Makhleb.
  1846 | D:3      | Reached skill level 8 in Bows
  1902 | D:3      | Noticed PossumBlood's ghost (novice HEHu)
  1925 | D:3      | Killed PossumBlood's ghost
  1925 | D:3      | Reached skill level 10 in Bows
  1925 | D:3      | Reached XP level 5. HP: 6/34 MP: 6/6
  1925 | D:3      | Reached XP level 6. HP: 7/39 MP: 7/7
  2186 | D:3      | Found a glowing golden altar of the Shining One.
  2333 | D:3      | Noticed Terence
  2340 | D:3      | Killed Terence
  2953 | D:4      | Reached skill level 11 in Bows
  2953 | D:4      | Reached XP level 7. HP: 40/45 MP: 8/8
  3031 | D:4      | Noticed Edmund
  3052 | D:4      | Killed Edmund
  3353 | D:4      | Noticed a human
  3366 | D:4      | Found a runed door.
  3379 | D:4      | Found a basalt altar of Yredelemnul.
  3445 | D:4      | Reached skill level 12 in Bows
  3454 | D:4      | Found Ficer's Jewellery Emporium.
  4037 | D:5      | Entered Level 5 of the Dungeon
  4124 | D:5      | Reached XP level 8. HP: 24/50 MP: 9/9
  4305 | D:5      | Reached skill level 13 in Bows
  4436 | D:5      | Found a staircase to the Ecumenical Temple.
  4447 | Temple   | Entered the Ecumenical Temple
  4554 | Temple   | Became a worshipper of Warmaster Okawaru
  4798 | D:5      | Found a radiant altar of Vehumet.
  5313 | D:6      | Reached skill level 14 in Bows
  5359 | D:6      | Reached * piety under Okawaru
  5687 | D:6      | Found a burning altar of Makhleb.
  5687 | D:6      | Found a shadowy altar of Dithmenos.
  5804 | D:7      | Reached skill level 5 in Fighting
  5811 | D:7      | Reached XP level 9. HP: 61/61 MP: 10/10
  5856 | D:7      | Found a shattered altar of Ashenzari.
  5885 | D:7      | Slain by an orc warrior

Skill      XL: |  1  2  3  4  5  6  7  8 |
---------------+-------------------------+-----
Bows           | 6 7 10 11 12 14 | 14.2
Fighting       | 5 |  5.1
Dodging        | |  2.1
Stealth        | |  1.1

Action                   |  1- 3 |  4- 6 |  7- 9 || total
-------------------------+-------+-------+-------++-------
 Fire: Shortbow          |    82 |   169 |   266 ||   517
  Use: Scroll            |       |       |    20 ||    20
       Potion            |       |       |     1 ||     1
  Eat: Fruit             |     1 |       |       ||     1
       Bread ration      |       |     1 |     2 ||     3
Armor: Leather armour    |     6 |     8 |    17 ||    31
Dodge: Dodged            |     9 |    29 |    37 ||    75
